[Event "DPEM German Cup 2022"]
[Site "Magdeburg"]
[Date "2022.08.18"]
[Round "1.2"]
[White "Puerckhauer, Soeren"]
[Black "Bauer, Leon"]
[Result "1-0"]
[ECO "D02"]
[WhiteElo "2158"]
[BlackElo "1966"]
[Annotator "TA"]
[PlyCount "57"]
[EventDate "2022.08.10"]
[EventType "k.o."]
[EventCountry "GER"]
[SourceTitle "playchess.com"]
[Source "ChessBase"]
[SourceQuality "1"]
[TimeControl "40/5400+30:900+30"]

1. d4 d5 2. Nf3 Nf6 3. Bf4 Bf5 4. e3 e6 5. Bd3 Ne4 6. Bxe4 {[%emt 0:01:48] D02: 1 d4 d5 2 Nf3 sidelines, including 2...Nf6 3 g3 and 2...Nf6 3 Bf4.} dxe4 7. Nfd2 {[%emt 0:00:22] [#]} Bg6 $146 ({Predecessor:} 7... Bd6 8. Bg3 Nd7 9. Nc3 Bxg3 10. hxg3 Nf6 11. Qe2 Qd7 12. Nc4 O-O-O 13. Ne5 Qe8 14. g4 Bg6 15. Nxg6 hxg6 16. Rxh8 Qxh8 17. g5 Qh1+ 18. Qf1 Rh8 19. gxf6 gxf6 20. O-O-O {1-0 (20) Morais Carreras,J (1970)-Canovas Pardo,J (1793) Santa Eulalia de Roncana 2016}) 8. c4 {[%emt 0:04:36] White is slightly better.} Be7 9. Qb3 b6 10. Nc3 f5 {[%emt 0:00:20] [#]} (10... O-O $14) 11. Nb5 $1 $16 Bd6 12. c5 {[%emt 0:17:27] White is more active.} (12. Nxd6+ $16 cxd6 13. c5) 12... Bxf4 $14 13. Qxe6+ ({Of course not} 13. exf4 O-O $11) 13... Qe7 14. Qc8+ {[%emt 0:01:22][%mdl 64] Skewer} Qd8 15. Qb7 $36 {[%emt 0:02:03][%mdl 2048] White has strong initiative.} Nd7 {[%emt 0:10:05][%cal Oa7a6] [#] Strongly threatening ...a6!} 16. exf4 O-O 17. Qxc7 Qxc7 (17... bxc5 $1 $11 {keeps the balance.} 18. Nb3 (18. dxc5 a6 $17) 18... cxd4) 18. Nxc7 $16 Rac8 (18... Rab8 $16) 19. Nd5 $18 Rfe8 {[%emt 0:01:35] Inhibits Ne7+.} 20. cxb6 (20. b4 $18) 20... Nxb6 $16 21. Ne3 Red8 22. Nb3 Nc4 23. Nxc4 Rxc4 24. Kd2 {[%emt 0:14:38] Prevents Rc2+.} Bf7 25. Rhc1 {[%emt 0:01:59] Threatens to win with Rxc4.} Rxc1 (25... Rb4 $142) 26. Kxc1 {[%emt 0:00:21] White is clearly better.} ({Don't play} 26. Rxc1 $6 Bxb3 27. axb3 Rxd4+ 28. Ke2 Rb4 $14) 26... Bc4 27. Kc2 Kf7 28. Kc3 Rc8 29. Nc5 {[%emt 0:00:12] Weighted Error Value: White=0.11 (very precise) /Black=0.31} 1-0

[Event "DPEM German Cup 2022"]
[Site "Magdeburg"]
[Date "2022.08.18"]
[Round "1.3"]
[White "Kist, Eike Andreas"]
[Black "Wulff, Joerg"]
[Result "1-0"]
[ECO "C40"]
[WhiteElo "1697"]
[BlackElo "1819"]
[Annotator "NA RC"]
[PlyCount "179"]
[EventDate "2022.08.10"]
[EventType "k.o."]
[EventCountry "GER"]
[SourceTitle "playchess.com"]
[Source "ChessBase"]
[SourceQuality "1"]
[TimeControl "40/5400+30:900+30"]

1. e4 e5 2. Nf3 Qe7 3. Bc4 d6 4. Nc3 c6 5. a4 Nf6 6. O-O $14 Bg4 7. d4 Qc7 8. dxe5 dxe5 9. Qe2 Be7 10. Nd1 O-O 11. Ne3 Bh5 12. Nf5 Bc5 13. Bg5 Nbd7 14. Ng3 Bg6 15. Nh4 Rfe8 16. c3 a5 17. Rad1 Bf8 18. Nxg6 hxg6 19. Qf3 Rab8 20. Rd2 b5 21. axb5 cxb5 22. Ba2 Rb6 23. Rfd1 Rd6 24. Rxd6 Bxd6 25. Qd3 Bc5 26. Qxb5 Qa7 27. Qe2 Rb8 28. Rd2 Nh7 29. Be3 Bxe3 30. Qxe3 Qxe3 31. fxe3 Nhf6 32. Bd5 Nc5 33. Rc2 Na4 34. b3 Nb6 35. c4 Rc8 36. Ra2 Rc5 37. Kf2 Ng4+ 38. Ke2 Nxh2 39. Kd3 Ng4 40. Ne2 Nf2+ 41. Kd2 Ng4 42. Nc3 Nf6 43. Kd3 Kf8 44. Rb2 Nfd7 45. Ra2 Nf6 46. Rf2 Ke8 47. Rf1 Ke7 48. Rb1 Rc8 49. Na4 Nxa4 50. bxa4 Nd7 51. Rb5 Nc5+ 52. Kc2 Nxe4 53. Bxe4 Rxc4+ 54. Kd3 Rxa4 55. Rxe5+ Kd6 56. Rd5+ Ke6 57. Rb5 Ra3+ 58. Ke2 Ra2+ 59. Kf3 Ra3 60. Bd5+ Kf6 61. Rb6+ Ke5 62. Bxf7 g5 63. Re6+ Kd5 64. Rg6+ Ke5 65. Bg8 Ra1 66. Rxg7 Kf6 67. Ra7 Rf1+ 68. Ke2 Ra1 69. Bc4 Rc1 70. Ra6+ Kg7 71. Bd3 Rc5 72. g4 Re5 73. Bf5 a4 74. Rxa4 Rc5 75. Ra7+ Kh8 76. Ra6 Re5 77. Rh6+ Kg7 78. Rg6+ Kh8 79. Bd3 Rc5 80. Rf6 Ra5 81. Rf5 Ra1 82. Bc4 Rc1 83. Bd5 Rc2+ 84. Kd3 Rc7 85. Rxg5 Ra7 86. e4 Ra3+ 87. Kd4 Ra4+ 88. Ke5 Ra7 89. Kf6 Rg7 90. Rh5+ 1-0

[Event "DPEM German Cup 2022"]
[Site "Magdeburg"]
[Date "2022.08.18"]
[Round "1.4"]
[White "Schroeder, Torsten"]
[Black "Chassard, Cedric"]
[Result "0-1"]
[ECO "E05"]
[WhiteElo "2173"]
[BlackElo "2010"]
[Annotator "TA"]
[PlyCount "72"]
[EventDate "2022.08.10"]
[EventType "k.o."]
[EventCountry "GER"]
[SourceTitle "playchess.com"]
[Source "ChessBase"]
[SourceQuality "1"]
[TimeControl "40/5400+30:900+30"]

1. Nf3 d5 2. d4 Nf6 3. g3 e6 4. Bg2 Be7 5. O-O O-O 6. c4 dxc4 7. Qc2 a6 8. Qxc4 b5 9. Qc2 Bb7 10. Bf4 Nc6 11. Rd1 Nb4 12. Qc1 Rc8 13. Nc3 Nbd5 14. Bg5 {[%emt 0:35:14] E05: Open Catalan: 5 Nf3 Be7.} c5 15. Nxd5 Nxd5 (15... Bxd5 $15 16. dxc5 Rxc5) 16. dxc5 $11 {[%emt 0:11:02] [#] And now e4 would win. The position is equal.} Qc7 $146 (16... h6 $11 17. Be3 Qa5) ({Predecessor:} 16... Qe8 17. Bxe7 Qxe7 18. Qd2 Rxc5 19. Rac1 Rfc8 20. Ne5 h6 21. Nd3 Rc4 22. b3 R4c7 23. Rxc7 Rxc7 24. Rc1 Rxc1+ 25. Qxc1 a5 26. a3 b4 27. axb4 Nxb4 {½-½ (27) Stohl,I (2556)-Georgiev,K (2654) Kallithea 2002}) 17. e4 $16 Nf6 18. b4 (18. Bxf6 $5 gxf6 19. b4 $14) 18... Bxe4 19. Ne1 {[%emt 0:10:16] aiming for Bxf6.} Bxg2 20. Nxg2 Rfd8 21. Qc2 Nd5 (21... Qe5 {is interesting.} 22. h4 Nd5 23. Bxe7 Nxe7 24. Rxd8+ Rxd8 25. Rd1 Rd4) 22. Bxe7 Nxe7 23. Rxd8+ Rxd8 24. Rd1 Nc6 25. a3 a5 26. Rb1 (26. bxa5 $11 {remains equal.} Qxa5 27. Rxd8+ Qxd8 28. Qe4) 26... axb4 $17 27. axb4 Qe5 {[%emt 0:01:11] Against Qe2. Black is more active.} 28. Ne3 {[%emt 0:00:26] [#]} (28. f4 $17 {was necessary.} Qd4+ 29. Qf2) 28... g6 $2 (28... Nd4 $1 $19 29. Qa2 Qe4) 29. Kf1 $2 {[%emt 0:01:32] This costs White the game.} (29. Ng4 $1 $11 Qd4 30. Qe2) 29... Rd4 $19 30. Rd1 (30. h3 $142) 30... Nxb4 31. Qb1 Rxd1+ ({But not} 31... Qxc5 $2 32. Rc1 Qe5 33. h3 $19) 32. Qxd1 Qxc5 33. Qd8+ Kg7 34. Qb8 (34. Qd2 $142) 34... Nd3 {[%emt 0:02:08] Black is clearly winning.} 35. Ke2 Ne5 ({Not} 35... Qc3 36. Qxb5 Ne5 37. h4 $17) 36. f4 Nc4 $2 {[%emt 0:00:12] Weighted Error Value: White=0.66/Black=0.22 (precise)} (36... Nc6 37. Qb7 Qc3) 0-1

[Event "DPEM German Cup 2022"]
[Site "Magdeburg"]
[Date "2022.08.18"]
[Round "1.5"]
[White "Bosselmann, Tom Linus"]
[Black "Brunke, Pascal"]
[Result "1/2-1/2"]
[ECO "D35"]
[WhiteElo "2041"]
[BlackElo "2022"]
[Annotator "NA RC"]
[PlyCount "128"]
[EventDate "2022.08.10"]
[EventType "k.o."]
[EventCountry "GER"]
[SourceTitle "playchess.com"]
[Source "ChessBase"]
[SourceQuality "1"]
[TimeControl "40/5400+30:900+30"]

1. d4 d5 2. c4 e6 3. Nc3 Nf6 4. cxd5 exd5 5. Bg5 Be7 6. e3 O-O 7. Qc2 Re8 8. Bd3 h6 9. Bh4 c5 10. Nge2 (10. dxc5 $1 $14 {deserves consideration.} Nc6 11. Nge2) 10... Nc6 11. O-O Nb4 12. Qb1 Nxd3 13. Qxd3 c4 14. Qc2 b6 15. f3 Bb7 16. Rae1 Qd7 17. Bf2 b5 18. Nf4 b4 19. Nce2 Rac8 20. g4 a5 21. h4 Nh7 22. Ng3 Bxh4 23. Nf5 Bg5 24. Nh5 g6 25. f4 Bd8 26. Nxh6+ Kh8 27. Ng3 Kg7 28. g5 c3 29. Kg2 Ba6 30. Rh1 cxb2 31. Qb1 Rc1 32. Rxc1 bxc1=Q 33. Rxc1 $2 (33. Qxc1 $15 Nxg5 34. Qd1 (34. fxg5 $2 Bxg5 35. Nhf5+ gxf5 $19)) 33... Bc4 34. Rh1 Nxg5 35. fxg5 Bxg5 36. Nhf5+ gxf5 37. Nxf5+ Kf6 38. Ng3 Ke7 39. e4 Kd8 40. e5 Be7 41. Rh7 Qe6 42. Qc2 Bb5 43. Qf5 Qxf5 44. Nxf5 Rg8+ 45. Kf3 Bd3 46. Rxf7 {[%emt 0:00:00] [#]} Rf8 $1 47. Rxf8+ Bxf8 48. Ne3 $19 Bb1 49. Nxd5 Bxa2 50. Nb6 Kc7 51. d5 Bb3 52. d6+ Kc6 53. Ke2 Be6 54. Kd3 Bg7 55. Bd4 Bxe5 56. Bxe5 Kxb6 57. Kc2 Kb5 58. d7 Bxd7 59. Bd6 Bf5+ 60. Kb2 Kc4 61. Bf8 a4 62. Bxb4 Kxb4 63. Ka2 a3 64. Ka1 Kb3 1/2-1/2

[Event "DPEM German Cup 2022"]
[Site "Magdeburg"]
[Date "2022.08.18"]
[Round "1.6"]
[White "Heinrich, Julius Tobias"]
[Black "Tiarks, Jann-Christian"]
[Result "1-0"]
[ECO "B22"]
[WhiteElo "2074"]
[BlackElo "2196"]
[Annotator "TA"]
[PlyCount "83"]
[EventDate "2022.08.10"]
[EventType "k.o."]
[EventCountry "GER"]
[SourceTitle "playchess.com"]
[Source "ChessBase"]
[SourceQuality "1"]
[TimeControl "40/5400+30:900+30"]

1. e4 c5 2. c3 d5 3. e5 Bf5 4. g4 Be4 5. f3 Bxb1 (5... Bg6 $17 {Threatening ...e6.} 6. Bb5+ Nd7) 6. Rxb1 $11 {[%emt 0:00:00] B22: Sicilian: 2 c3.} e6 {[%emt 0:00:08] [#]} 7. Bb5+ $146 ({Predecessor:} 7. Ne2 Nc6 8. d4 cxd4 9. Qa4 Bc5 10. cxd4 Bb6 11. h4 Qd7 12. Qd1 f6 13. f4 fxe5 14. fxe5 {0-1 (37) Dzwikowski,A (2085)-Nowak,R (2110) Poznan 2001}) 7... Nc6 8. Ne2 {[%emt 0:09:34] Black is slightly better.} h5 9. Qa4 Nge7 {[%emt 0:03:49] Hoping for ...a6.} 10. g5 a6 11. Bxc6+ Nxc6 12. d4 b5 13. Qd1 cxd4 14. cxd4 Qa5+ 15. Bd2 Qxa2 16. g6 (16. O-O $5 Bb4 17. Bxb4 Nxb4 18. Qd2 $15) 16... Bb4 (16... Rc8 $11) 17. O-O (17. Rc1 $14 Kd7 18. Bxb4 (18. Qc2 $2 Rac8 $17) 18... Nxb4 19. gxf7) 17... O-O 18. Bxb4 Nxb4 19. Qd2 (19. Nf4 $1 $11) 19... Qb3 $15 20. gxf7+ Rxf7 21. Nf4 {[%emt 0:03:41] [#]} Qc2 $1 $36 {[%emt 0:08:34][%mdl 2048] Black is pushing.} 22. Qxc2 Nxc2 23. Nxe6 Re8 24. Rfc1 (24. Rbc1 $1 $11 {was the only way to keep the balance.}) 24... Rxe6 $17 25. Rxc2 Rxf3 {[%emt 0:00:42][%mdl 4096] Endgame KRR-KRR} 26. Rc5 Rg6+ 27. Kh1 Rf2 28. Rg1 {[%emt 0:02:11] Inhibits Rgg2.} (28. Rxd5 $17 {keeps fighting.} Rgg2 29. Rd8+ Kh7 30. h4) 28... Rxg1+ $19 29. Kxg1 Rxb2 30. Rxd5 {[%emt 0:00:04] [#] KR-KR} b4 ({Black should try} 30... a5 $1 $19 {[%cal Ra5a4] And now ...a4 would win.} 31. e6 Kf8 32. Rxh5 a4) 31. e6 {[%emt 0:01:29] Rd8+ would kill now.} Kf8 32. Rd7 Rd2 (32... Re2 $17 {Strongly threatening ...b3.} 33. Rb7 a5) 33. d5 $1 $11 b3 (33... Re2 $5 34. Rb7 Re5 35. Rxb4 Rxd5 $17) 34. d6 Ke8 {[%emt 0:00:08] Prevents Rd8+. ( -> ...b2)} 35. Re7+ Kd8 {[%emt 0:00:37] aiming for ...b2.} 36. Rd7+ $1 Ke8 {[%emt 0:00:55] ...b2 is the strong threat.} 37. Re7+ Kf8 $2 {[%emt 0:00:16][%mdl 8192] [#]} (37... Kd8 $11 38. Rd7+ Ke8) 38. Rf7+ $1 Kg8 39. d7 b2 40. Rf1 b1=Q 41. Rxb1 Kf8 42. Rb8+ {[%emt 0:00:15] Never resign too early!  Weighted Error Value: White=0.19 (very precise) /Black=0.62} 1-0

[Event "DPEM German Cup 2022"]
[Site "Magdeburg"]
[Date "2022.08.18"]
[Round "1.8"]
[White "Uphoff, Lennart"]
[Black "Koehne, Arno"]
[Result "1-0"]
[ECO "D36"]
[WhiteElo "2173"]
[BlackElo "2011"]
[Annotator "TA"]
[PlyCount "75"]
[EventDate "2022.08.10"]
[EventType "k.o."]
[EventCountry "GER"]
[SourceTitle "playchess.com"]
[Source "ChessBase"]
[SourceQuality "1"]
[TimeControl "40/5400+30:900+30"]

1. d4 d5 2. c4 e6 3. Nc3 Nf6 4. cxd5 exd5 5. Bg5 Be7 6. e3 O-O 7. Bd3 h6 8. Bh4 c6 9. Qc2 Re8 10. Nge2 Nbd7 11. O-O Nf8 12. f3 N6h7 {[%emt 0:11:14] D36: Queen's Gambit Declined: Exchange Variation: Main line (5 Bg5 c6 6 Qc2).} 13. Bf2 Bh4 14. e4 Bxf2+ {[%emt 0:01:40] White has an edge.} 15. Rxf2 {[%emt 0:00:54] Black should prevent e5.} Nf6 (15... dxe4 $1 $11 {and Black has nothing to worry.} 16. fxe4 (16. Nxe4 Nf6 $11) 16... Re7) 16. e5 $18 N6d7 17. f4 {[%emt 0:00:53] [#]} f6 $146 ({Predecessor:} 17... a6 18. f5 Qg5 19. f6 gxf6 20. Rf3 Kh8 21. Rg3 Qxg3 22. Nxg3 fxe5 23. Qd2 e4 24. Qxh6+ Nh7 25. Ncxe4 Re6 26. Nf6 Ndxf6 27. Nh5 {1-0 (27) Lerida Macareno,C (2107)-Lucena Cifre,R (1600) ICCF email 2018}) 18. Raf1 Qe7 19. Ng3 Nb6 20. h3 Kh8 (20... Bd7 $142 21. Qe2 Rad8) 21. a3 Be6 (21... fxe5 $142 22. fxe5 Be6) 22. f5 Bg8 23. e6 Qd6 24. Nce2 Rac8 25. b4 Rc7 26. Nh5 Qe7 (26... Bh7 $142 27. Qc3 Na4) 27. Rf3 Qd8 28. Rg3 Nc8 29. Rf4 Ree7 30. Rfg4 Nh7 (30... Nd6 $142 31. Nxf6 Bxe6 32. fxe6 Rxe6) 31. Nef4 {[%emt 0:00:14][%cal Rf4g6] [#]} Ng5 32. h4 Ne4 33. Bxe4 (33. Ng6+ $142 Kh7 34. Nxe7 Qxe7 35. Bxe4) 33... dxe4 34. Qxe4 (34. Ng6+ $142 Kh7 35. Qxe4 Re8 36. Qe3 Rxe6 37. fxe6 f5 38. e7 Rxe7 39. Nxe7) 34... Nd6 35. Ng6+ Kh7 {[%emt 0:00:20] [#]} 36. Qf4 (36. Nxe7 $142 $1 Rxe7 (36... Qxe7 37. Rxg7+) 37. Rxg7+ Rxg7 38. Rxg7+ Kh8 39. Qf4 Nxf5 40. Rd7 Qf8 41. Qxf5) 36... Re8 37. e7 Qc8 38. Qxd6 {[%emt 0:00:17] Black did not feel at home in the position after the opening.  Weighted Error Value: White=0.16 (very precise) /Black=1.06} 1-0

[Event "DPEM German Cup 2022"]
[Site "Magdeburg"]
[Date "2022.08.18"]
[Round "2.1"]
[White "Malinowsky, Levi"]
[Black "Kist, Eike Andreas"]
[Result "1/2-1/2"]
[ECO "B53"]
[WhiteElo "1814"]
[BlackElo "1697"]
[Annotator "NA RC"]
[PlyCount "80"]
[EventDate "2022.08.10"]
[EventType "k.o."]
[EventCountry "GER"]
[SourceTitle "playchess.com"]
[Source "ChessBase"]
[SourceQuality "1"]
[TimeControl "40/5400+30:900+30"]

1. e4 c5 2. Nf3 d6 3. d4 cxd4 4. Qxd4 Nc6 5. Qe3 Nf6 6. c4 Ng4 7. Qd2 g6 8. h3 Nf6 9. Nc3 Bg7 10. Be2 O-O 11. O-O Qc7 12. Rb1 Rd8 13. b3 e6 14. Rd1 d5 15. Qc2 dxe4 16. Rxd8+ Qxd8 17. Nxe4 Nxe4 18. Qxe4 e5 19. Rb2 Qe7 20. Rd2 Bh6 21. Rd1 Bf5 22. Qh4 Bxc1 23. Qxe7 Nxe7 24. Rxc1 Nc6 25. g4 Be6 26. Rd1 f6 27. Nd2 Kf7 28. Bf3 Rd8 29. Ne4 Nd4 30. Kg2 b6 31. Nc3 Ke7 32. Bd5 Bxd5+ 33. Nxd5+ Ke6 34. Nc7+ Ke7 35. Nd5+ Ke6 36. Nc7+ Ke7 37. Nd5+ Ke6 38. Nc7+ Ke7 39. Nd5+ Ke6 40. Nc7+ Ke7 1/2-1/2

[Event "DPEM German Cup 2022"]
[Site "Magdeburg"]
[Date "2022.08.18"]
[Round "2.2"]
[White "Chassard, Cedric"]
[Black "Puerckhauer, Soeren"]
[Result "0-1"]
[ECO "B01"]
[WhiteElo "2010"]
[BlackElo "2158"]
[Annotator "TA"]
[PlyCount "124"]
[EventDate "2022.08.10"]
[EventType "k.o."]
[EventCountry "GER"]
[SourceTitle "playchess.com"]
[Source "ChessBase"]
[SourceQuality "1"]
[TimeControl "40/5400+30:900+30"]

1. e4 d5 2. exd5 Qxd5 3. Nc3 Qd8 4. d4 c6 5. Nf3 Bg4 6. Be2 {[%emt 0:01:01] B01: Scandinavian Defence.} Bxf3 7. Bxf3 e6 {[%emt 0:00:07] Prevents d5.} 8. Be3 {[%emt 0:08:35] White is slightly better.} Nf6 {[%emt 0:00:13] [#]} 9. Qd3 $146 ({Predecessor:} 9. O-O Be7 10. Ne2 Nbd7 11. Bf4 Nb6 12. b3 a5 13. c4 O-O 14. Qc2 Re8 15. Rfd1 {½-½ (33) Mameli,G (2080)-Vezzani,S (2127) Verona 2019}) 9... Nbd7 10. O-O-O Bb4 11. Kb1 Bxc3 12. Qxc3 Nd5 13. Qb3 Nxe3 14. Qxe3 Nb6 {[%emt 0:03:04] Inhibits d5.} 15. h4 h6 16. Rh3 Qf6 17. Be2 Nd5 18. Qe4 Qf4 19. Bf3 Qxe4 20. Bxe4 Nf6 21. Bf3 Ke7 22. Rhh1 Rhd8 23. c3 a5 24. Kc2 Rac8 25. Rhe1 b5 26. a4 Nd5 27. axb5 cxb5 28. Ra1 a4 29. Re5 Kf6 30. Bxd5 (30. h5 {is more complex.} Nb4+ 31. Kb1 Nd5 32. g3) 30... Rxd5 31. Rxd5 exd5 $11 {[%emt 0:00:01][%mdl 4096] Endgame KR-KR} 32. Re1 b4 33. Re3 g6 34. Kb1 b3 35. Kc1 $1 Rc6 36. Kd2 Ra6 (36... Re6 $1 $17 ) 37. Re1 a3 38. bxa3 Rxa3 {[%emt 0:00:01] Threatens to win with ...Ra2+.} 39. Rb1 Kf5 40. Kd3 Kg4 41. Ke3 (41. Rb2 $11) 41... f5 (41... Kxh4 {is a self mate.} 42. Kf4) 42. Rb2 f4+ (42... Kxh4 $17 43. Kd3 Ra2 44. Rxb3 Rxf2) 43. Kd3 $19 Kxh4 ({Black should try} 43... Ra2 $17 44. Rxb3 Rxf2) 44. c4 $11 Ra2 45. g3+ $2 (45. Rxb3 $11 dxc4+ 46. Kxc4) 45... Kg4 $19 46. Rxb3 dxc4+ ({Stronger than} 46... Rxf2 47. gxf4 Rf3+ 48. Kc2 Rxf4 49. Rb6 $19) 47. Kxc4 {[%emt 0:00:07] [#]} Rxf2 $2 (47... f3 $1 $19 48. Kd3 Rxf2) 48. gxf4 $15 Kxf4 49. Rd3 $2 (49. Rh3 $15) 49... Ke4 $19 50. Rh3 h5 {[%emt 0:02:40][%cal Bh6h5,Bh5h4,Bh4h3,Bh3h2][%mdl 32] aiming for ...Rc2+.} 51. Rg3 $2 (51. Rh4+ $17 Rf4 52. Rh1) 51... Kf5 {[%emt 0:00:42] ...h4 is the strong threat.} 52. d5 {[%emt 0:00:33] [#]} (52. Rd3 $19 Rc2+ 53. Kb5) 52... Rd2 $1 53. Rf3+ Kg4 54. Rf6 g5 {[%emt 0:00:08] ( -> ...h4)} 55. d6 h4 {[%emt 0:00:02] Black mates.} 56. Re6 h3 57. Re4+ Kf5 58. Re3 g4 59. Kc5 h2 60. Re1 g3 61. Rh1 g2 62. Rxh2 g1=Q+ {[%emt 0:00:05] Weighted Error Value: White=0.62/Black=0.20 (precise)} 0-1

[Event "DPEM German Cup 2022"]
[Site "Magdeburg"]
[Date "2022.08.18"]
[Round "2.4"]
[White "Brunke, Pascal"]
[Black "Heinrich, Julius Tobias"]
[Result "0-1"]
[ECO "C06"]
[WhiteElo "2022"]
[BlackElo "2074"]
[Annotator "NA RC"]
[PlyCount "105"]
[EventDate "2022.08.10"]
[EventType "k.o."]
[EventCountry "GER"]
[SourceTitle "playchess.com"]
[Source "ChessBase"]
[SourceQuality "1"]
[TimeControl "40/5400+30:900+30"]

1. e4 e6 2. d4 d5 3. Nd2 Nf6 4. e5 Nfd7 5. Bd3 c5 6. c3 Nc6 7. Ne2 Qb6 8. Nf3 Be7 9. O-O O-O 10. Nf4 Nd8 11. Re1 f6 12. Qc2 f5 13. dxc5 Nxc5 14. Bf1 Bd7 15. Be3 Qc7 16. Bxc5 Qxc5 17. Nd4 Rc8 18. Qb3 a6 19. Rad1 g5 20. Nd3 Qa5 21. Qc2 Qxa2 22. Qd2 Qa5 23. Be2 b5 24. h4 gxh4 25. Qf4 Nf7 26. Bh5 Ng5 27. Kh1 Ne4 28. Kg1 Bg5 29. Qh2 Qd8 30. Ra1 a5 31. Nf4 Qb6 32. Nfe2 b4 33. cxb4 axb4 34. Rad1 b3 35. Qh3 Ba4 36. Ra1 Rc4 37. Red1 Rfc8 38. Qf3 Nd2 39. Qd3 Ne4 40. Bf3 Nc5 41. Qb1 Rc2 42. Nc3 Qb4 43. Nxe6 Nxe6 44. Rxa4 Qb6 45. Rf1 d4 46. Nd1 Qb5 47. Qa1 h3 48. Ra5 h2+ 49. Kxh2 Qxf1 50. Bd5 Bf4+ 51. g3 Rxf2+ 52. Nxf2 Qxf2+ 53. Kh1 0-1

[Event "DPEM German Cup 2022"]
[Site "Magdeburg"]
[Date "2022.08.18"]
[Round "2.5"]
[White "Schroeder, Christoph"]
[Black "Ehmann, Thilo"]
[Result "0-1"]
[ECO "B94"]
[WhiteElo "2141"]
[BlackElo "2391"]
[Annotator "TA"]
[PlyCount "146"]
[EventDate "2022.08.10"]
[EventType "k.o."]
[EventCountry "GER"]
[SourceTitle "playchess.com"]
[Source "ChessBase"]
[SourceQuality "1"]
[TimeControl "40/5400+30:900+30"]

1. e4 c5 2. Nf3 d6 3. d4 cxd4 4. Nxd4 Nf6 5. Nc3 a6 6. Bg5 Nbd7 7. Qe2 {[%emt 0:01:03] 7.Qe2 is a critical line. B94: Sicilian Najdorf: 6 Bg5 Nbd7.} h6 8. Bh4 g6 9. f4 {[%emt 0:02:27] The position is equal.} e5 10. fxe5 dxe5 {[%emt 0:00:26] [#] Strongly threatening ...g5.} 11. O-O-O $1 Be7 ({Weaker is} 11... exd4 12. e5 Bc5 13. exf6+ Kf8 14. Ne4 $18) (11... Qc7 12. Nb3) 12. Nb3 Qc7 ({Black should try} 12... b5 $14) 13. Qf3 $16 {[%emt 0:12:11][%cal Od1d7] Black must now prevent Rxd7!} g5 14. Bf2 {[%emt 0:03:36] [#]} Nb6 $146 ({Predecessor:} 14... g4 15. Qd3 Nb6 16. Nd5 Nbxd5 17. exd5 Bd6 18. Bh4 Nh5 19. g3 Bd7 20. h3 Rc8 21. hxg4 Bxg4 {0-1 (42) Stocko,J (2334)-Grinberg,E (2451) Budapest 2017}) 15. Bxb6 Qxb6 16. Nd5 Nxd5 17. exd5 ({Much weaker is} 17. Rxd5 Be6 18. Rxe5 Qc7 19. Rxe6 fxe6 20. Qh5+ Kd7 $17) 17... Qg6 18. d6 Bxd6 19. Qd5 Bc7 20. Nc5 Qc6 {[%emt 0:04:01] [#]} (20... Ra7 $11) 21. Bc4 (21. Nxa6 $1 $14 Qb6 (21... Ke7 22. Nb4) 22. Nxc7+ Qxc7 23. Re1) 21... Qxd5 $11 22. Bxd5 O-O 23. h4 gxh4 24. Rxh4 Bd8 25. Re4 Bg5+ 26. Kb1 Re8 ({Black should play} 26... Ra7 $11) 27. Nxb7 $14 {[%emt 0:03:00] Threatens to win with Nd6.} Bf5 28. Rc4 (28. Ree1 $14 Rac8 29. Bb3) 28... Be6 $11 {[%emt 0:05:52] This bishop pair is nice.} 29. Nc5 (29. Re4 $11 {remains equal.}) 29... Bxd5 $17 30. Rxd5 Rad8 $36 {[%emt 0:00:16][%mdl 2048] Black is really pushing.} 31. Rxd8 Rxd8 {[%emt 0:00:04][%cal Rd8d1][%mdl 4096] Endgame KRB-KRN} 32. a4 f5 {[%emt 0:00:43][%cal Bf7f5,Bf5f4,Bf4f3][%mdl 32] Against Re4} 33. g4 $2 {[%emt 0:04:32][%mdl 8192] This move loses the game for White.} (33. b4 $17 {might work better.}) 33... f4 34. Ne4 f3 35. Rc5 $2 (35. b4) 35... Bf4 36. Rc3 Rd4 37. Nf2 e4 38. Nxe4 Rxe4 39. Rxf3 Rxa4 $19 {[%emt 0:00:13] KRB-KR} 40. c3 Re4 41. Kc2 Bg5 42. Rg3 Re2+ 43. Kb1 Kf7 44. Rf3+ Ke7 45. Rf5 Kd7 46. Ra5 Re6 47. b4 Kc7 48. b5 $2 (48. Kc2) 48... axb5 49. Rxb5 Kc6 50. Rb4 Re2 51. Rb2 Re1+ (51... Rxb2+ $142 52. Kxb2 Kd5 53. Kb1 Ke4 54. Kb2 Kf3 55. Kc2 Be3 56. Kd3 Bf4 57. Kd4 Kxg4 58. c4 h5 59. Kd3 Kf3 60. Kc3 h4 61. c5 h3 62. c6 Bc7 63. Kd3 h2 64. Kc3 h1=Q 65. Kd4 Qb1 66. Kc4 Ke4 67. Kc5 Kd3 68. Kd5 Qb3+ 69. Kc5 Qc4#) 52. Kc2 Kd5 (52... Re4 $142 53. Rb4 Re3) 53. Rb4 Ke5 54. Rd4 Bf4 {[%emt 0:00:31] And now ...Rg1 would win.} 55. Kd3 Re3+ 56. Kd2 Rg3+ 57. Ke2 Rxg4 {[%emt 0:00:08] Black mates.} 58. Rd8 Rg2+ 59. Kf3 Rg3+ 60. Kf2 Rxc3 61. Re8+ Kf5 62. Re2 Kg4 63. Kg2 h5 64. Re1 Rc2+ 65. Kh1 Kh3 66. Kg1 Kg3 67. Kh1 Rh2+ 68. Kg1 h4 69. Re4 Ra2 70. Re1 Bd2 71. Rd1 Be3+ 72. Kf1 Kf3 73. Rb1 h3 {[%emt 0:00:11] Weighted Error Value: White=0.72/Black=0.36} 0-1

[Event "DPEM German Cup 2022"]
[Site "Magdeburg"]
[Date "2022.08.18"]
[Round "2.6"]
[White "Goergens, Michael"]
[Black "Mueer, Sebastian"]
[Result "0-1"]
[ECO "B50"]
[WhiteElo "2073"]
[BlackElo "2161"]
[Annotator "NA RC"]
[PlyCount "122"]
[EventDate "2022.08.10"]
[EventType "k.o."]
[EventCountry "GER"]
[SourceTitle "playchess.com"]
[Source "ChessBase"]
[SourceQuality "1"]
[TimeControl "40/5400+30:900+30"]

1. e4 c5 2. Nc3 d6 3. Nf3 Nf6 4. h3 g6 5. d3 Nc6 6. Be3 Bg7 7. Qd2 h6 8. g3 e5 9. Bg2 Be6 10. Nd1 b5 11. O-O Qd7 12. Kh2 Nh5 13. Ng1 f5 14. exf5 gxf5 15. Qe2 Nf6 16. f4 e4 17. Re1 O-O 18. Nf2 exd3 19. cxd3 Rfe8 20. Nd1 Rab8 21. a3 Bf7 22. Qd2 Nd5 23. Nc3 Nxe3 24. Rxe3 Rxe3 25. Qxe3 Nd4 26. Qf2 d5 27. Nf3 Nxf3+ 28. Bxf3 d4 29. Nd1 c4 30. Qd2 Re8 31. Rc1 Qe7 32. Kg2 Rc8 33. Qa5 Rc5 34. Nf2 Qc7 35. Qa6 Kh7 36. Re1 Bd5 37. Bxd5 Rxd5 38. Qe6 Qd7 39. Qxd7 Rxd7 40. Rc1 c3 41. b3 Bf8 42. g4 Bxa3 43. Rc2 Re7 44. gxf5 Re3 45. Kf1 a5 46. Ne4 Kg7 47. Nxc3 dxc3 48. Rxc3 b4 49. Rc7+ Kf6 50. Rc6+ Kxf5 51. Rxh6 Kxf4 52. Rd6 Rxh3 53. Kg2 Rh5 54. Rd8 Ke3 55. d4 Ke4 56. Kf2 Rh2+ 57. Kg3 Rd2 58. Ra8 Kxd4 59. Kf3 Kc3 60. Rxa5 Kxb3 61. Ke3 Rd8 0-1